 Dungeon Crawl Stone Soup version 0.23.2 (webtiles) character file.

Game seed: 5410367449357955079

176535 GreaterElenko the Earth Mage (level 17, -3/84 HPs)
             Began as a Felid Earth Elementalist on Apr 11, 2019.
             Was the Champion of Vehumet.
             Killed from afar by a tengu reaver (40 damage)
             ... with a bolt of acid
             ... on level 3 of the Vaults on Apr 12, 2019.
             The game lasted 02:49:14 (77500 turns).

GreaterElenko the Earth Mage (FeEE)                Turns: 77500, Time: 02:49:14

Health: -3/84      AC:  3    Str:  5    XL:     17   Next: 24%
Magic:  3/36       EV: 30    Int: 25    God:    Vehumet [******]
Gold:   1789       SH:  0    Dex: 17    Spells: 2/44 levels left
                                        Lives:  0   Deaths: 3

rFire    + . .     SeeInvis +   (weapon unavailable)
rCold    + + +     Gourm    .   (shield unavailable)
rNeg     . . .     Faith    .   (armour unavailable)
rPois    +         Spirit   .   (helmet unavailable)
rElec    .         Reflect  .   (cloak unavailable)
rCorr    .         Harm     .   (gloves unavailable)
MR       +++..                  (boots unavailable)
Stlth    +++++.....             V - amulet of magic regeneration
HPRegen  0.24/turn              i - ring of protection from fire
MPRegen  0.50/turn              U - ring of Cheibriados's Envy {rC++ MR+}

@: studying Stealth, quick
A: very small, no armour, no weapons or thrown items, stealth, claws 1, fangs 3,
see invisible, carnivore, clever 1, speed 1, poison resistance, shaggy fur 3,
slow metabolism 1, sharp paws
}: 1/15 runes: decaying
a: Renounce Religion


You were on level 3 of the Vaults.
You worshipped Vehumet.
Vehumet was exalted by your worship.
You were completely stuffed.

You visited 8 branches of the dungeon, and saw 37 of its levels.
You also visited: Ossuary, Bailey and Ice Cave.

You collected 3511 gold pieces.
You spent 1722 gold pieces at shops.

Inventory:

Missiles
 z - 330 stones
 E - a throwing net {!f}
Jewellery
 g - an uncursed ring of stealth
   (You found it on level 3 of the Swamp)
 i - a ring of protection from fire (left paw)
   (You found it on level 2 of the Dungeon)
 o - an uncursed ring of protection from cold
   (You took it off an orc priest on level 9 of the Dungeon)
 B - the ring of Egalitarianism {rCorr Dex+6}
   (You acquired it on level 1 of the Swamp)

   [ring of resist corrosion]

   It affects your dexterity (+6).
 F - the ring of Attitude {+Blink EV+5}
   (You acquired it on level 2 of the Orcish Mines)

   [ring of evasion]

   It affects your evasion (+5).
   It lets you blink.
 T - a +4 ring of intelligence
   (You found it on level 11 of the Dungeon)
 U - the ring of Cheibriados's Envy (right paw) {rC++ MR+}
   (You acquired it on level 3 of the Vaults)

   [ring of protection from magic]

   It greatly protects you from cold.
   It affects your resistance to hostile enchantments.
 V - an amulet of magic regeneration (around neck)
   (You bought it in a shop on level 3 of the Vaults)
Wands
 c - a wand of disintegration (11)
   (You found it on level 1 of the Lair of Beasts)
 d - a wand of iceblast (11)
   (You found it on level 2 of the Lair of Beasts)
 t - a wand of flame (95)
   (You took it off a centaur on level 9 of the Dungeon)
 u - a wand of paralysis (20)
   (You found it on level 4 of the Lair of Beasts)
 v - a wand of digging (2)
   (You found it on level 4 of the Lair of Beasts)
 x - a wand of acid (21)
   (You found it on level 3 of the Swamp)
 I - a wand of enslavement (24)
   (You found it on level 11 of the Dungeon)
 P - a wand of polymorph (18)
   (You found it on level 3 of the Swamp)
Scrolls
 b - a scroll of fog
 l - 5 scrolls of immolation {!r}
 w - 18 scrolls of remove curse {@r2}
 y - 7 scrolls of blinking
 A - 10 scrolls of teleportation {@r4}
 J - 3 scrolls of vulnerability {!r}
 K - 7 scrolls of magic mapping
 L - 4 scrolls of silence
 Q - 11 scrolls of identify {@r1}
 S - a scroll of amnesia
Potions
 a - 11 potions of flight
 f - a potion of magic
 h - 3 potions of ambrosia
 j - 4 potions of resistance
 k - 3 potions of cancellation
 m - 6 potions of might
 n - 9 potions of lignification {!q}
 p - 12 potions of heal wounds {@q2}
 q - 5 potions of agility
 r - 4 potions of curing {@q1}
 s - 2 potions of invisibility
 D - 5 potions of haste {@q3}
 G - 6 potions of brilliance
 N - 2 potions of berserk rage
 R - 2 potions of mutation {!q}
Books
 H - a manual of Stealth {!d}
   (You found it on level 1 of the Orcish Mines)
Miscellaneous
 C - a phial of floods
   (You found it on level 3 of the Lair of Beasts)
 M - a lamp of fire
   (You bought it in a shop on level 2 of the Orcish Mines)
Comestibles
 e - 58 rations {!d}
 O - 4 chunks of flesh


   Skills:
 + Level 14.4 Fighting
 - Level 14.1 Dodging
 - Level 11.7 Stealth
 - Level 14.1 Spellcasting
 - Level 11.2 Conjurations
   Level 1.1 Transmutations
 - Level 7.5 Fire Magic
 * Level 18.8 Earth Magic
 - Level 4.0 Poison Magic
 - Level 6.0 Evocations


You had 2 spell levels left.
You knew the following spells:

 Your Spells              Type           Power        Failure   Level  Hunger
a - Sandblast             Erth           ######       0%          1    None
b - Lee's Rapid Deconstr  Erth           #######...   1%          5    ##.....
c - Lehudib's Crystal Sp  Conj/Erth      #######...   12%         8    #######
d - Shatter               Erth           #######...   34%         9    #######
e - Iron Shot             Conj/Erth      #######...   1%          6    ####...
f - Bolt of Fire          Conj/Fire      ######....   3%          6    ####...
x - Stone Arrow           Conj/Erth      ######       0%          3    None
y - Olgreb's Toxic Radia  Pois           #####...     1%          4    None

Your spell library contained the following spells:

 Spells                   Type           Power        Failure   Level  Hunger
 Fire Storm               Conj/Fire      ######....   100%        9    #######
 Glaciate                 Conj/Ice       #####.....   100%        9    #######
 Shock                    Conj/Air       ####         1%          1    None
 Passwall                 Tmut/Erth      ######..     1%          2    None
 Animate Skeleton         Necr           N/A          3%          1    None
 Apportation              Tloc           ###...       3%          1    None
 Confusing Touch          Hex            ###...       3%          1    None
 Infusion                 Chrm           ###.         3%          1    None
 Pain                     Necr           ###.         3%          1    None
 Summon Small Mammal      Summ           ###.         3%          1    None
 Sticks to Snakes         Tmut           ###.....     3%          2    None
 Shroud of Golubria       Chrm/Tloc      ###.......   4%          2    None
 Song of Slaying          Chrm           ###.....     4%          2    None
 Swiftness                Chrm/Air       ###.....     4%          2    None
 Static Discharge         Conj/Air       #####...     1%          3    None
 Leda's Liquefaction      Hex/Erth       ######....   1%          4    None
 Petrify                  Tmut/Erth      ######..     1%          4    None
 Bolt of Magma            Conj/Fire/Erth ######....   1%          5    ##.....
 Irradiate                Conj/Tmut      #####.....   1%          5    ##.....
 Venom Bolt               Conj/Pois      ######....   1%          5    ##.....
 Lightning Bolt           Conj/Air       #####.....   2%          5    ##.....
 Airstrike                Air            ###.......   9%          4    None
 Statue Form              Tmut/Erth      ######...    9%          6    ####...
 Regeneration             Chrm/Necr      ###.......   10%         3    None
 Vampiric Draining        Necr           ###.......   10%         3    None
 Alistair's Intoxication  Tmut/Pois      ####....     30%         5    ##.....
 Animate Dead             Necr           N/A          32%         4    None
 Ignition                 Fire           ######....   90%         8    #######
 Hydra Form               Tmut           ###.......   97%         6    ####...
 Dragon Form              Tmut           ###.......   100%        7    ######.
 Tornado                  Air            ###.......   100%        9    #######
 Spectral Weapon          Hex/Chrm       Unusable     N/A         3    N/A

Dungeon Overview and Level Annotations

Branches:
Dungeon (15/15)            Temple (1/1) D:4            Lair (6/6) D:8
  Swamp (4/4) Lair:2        Snake (3/4) Lair:2        Slime (0/5) Lair:5
    Orc (2/2) D:12            Elf (2/3) Orc:2        Vaults (4/5) D:13
 Depths (0/5) D:15
  Crypt: Vaults:2-3

Altars:
Ashenzari
Cheibriados
Dithmenos
Elyvilon
Fedhas
Gozag
Hepliaklqana
Kikubaaqudgha
Makhleb
Nemelex Xobeh
Okawaru
Qazlal
Ru
Sif Muna
Trog
Uskayaw
Vehumet
Wu Jian
Xom
Zin
The Shining One
Beogh

Shops:
D:11 [   Orc:1 (   Orc:2 }?**   Snake:3 *[?   Vaults:3 [(*

Portals:
Trove: D:15 (give 6 scrolls of blinking)

Annotations:
D:10 exclusion: 2 doors
D:12 3 runed translucent doors, strelocc's ghost, journeyman DEEE
Lair:3 exclusions: downstairs and 3 oklob plants
Snake:3 Vashnia
Orc:1 HuneSparrow's ghost, journeyman MiFi


Innate Abilities, Weirdness & Mutations

You cannot wear armour.
You are incapable of wielding weapons or throwing items.
Your paws allow you to move quietly. (Stealth)
You have sharp claws.
You have razor-sharp teeth.
You have supernaturally acute eyesight. (SInv)
You are carnivorous and can eat meat at any time.
You cover ground quickly.
Your thick and shaggy fur keeps you warm. (AC +3, rC+)
You have a slow metabolism.
Your sharp claws are effective at attacking unaware monsters.
Your mind is acute. (Int +2)
Your system is resistant to poisons. (rPois)


Message History

The orc knight barely misses you.
A stone wall.
The wall shatters!
The blast of rock fragments hits the orc knight!!
The orc knight barely misses you.
An open door.
The stone door frame shatters!
The blast of rock fragments hits the orc warrior!!
You kill the orc warrior!
Vehumet accepts your kill.
You feel your power returning.
The blast of rock fragments hits the orc knight!!
You kill the orc knight!
Vehumet accepts your kill.
You feel your power returning.
Fragment what (e.g. wall or brittle monster)?: an orc warrior, wielding a +0 scimitar and wearing a +0 plate armour (almost dead)
An open door.
The stone door frame shatters!
The blast of rock fragments hits the orc warrior!
You kill the orc warrior!
Vehumet accepts your kill.
You feel your power returning.
Unknown command.
Eating one of 5 chunks of flesh.
You eat one of the 5 chunks of flesh.
This raw flesh tastes great.
A tengu reaver comes into view. It is wielding a +0 dire flail.
The tengu reaver shouts!
Things that are here:
a +0 war axe; a +0 plate armour; an orc corpse A tengu reaver is nearby!
A tengu reaver is nearby!
A tengu reaver is nearby!
You start resting.
The tengu reaver is too close now for your liking.
A stone wall.
The wall shatters!
The blast of rock fragments hits the tengu reaver!!
A stone wall.
The wall shatters!
The blast of rock fragments hits the tengu reaver!
The tengu reaver hits you with a +0 dire flail!!
The tengu reaver misses you. The tengu reaver claws you.
* * * LOW HITPOINT WARNING * * *
The iron shot hits the tengu reaver!!
The tengu reaver completely misses you. The tengu reaver pecks you.
* * * LOW HITPOINT WARNING * * *
The tengu reaver barely misses you.
The tengu reaver points at you and mumbles some strange words.
The bolt of acid hits you!!!
You die...

..#.......#.#.........#.....#....
..#...<...#.#...^.....#.....#....
..#.......#.'.........#.....#....
..'.......#.#.........#.....#....
..#......[#.###########.....'....
..#.......#........(........#####
..#########......................
..................Q).............
................@.##)##.........#
.................## .)##........#
.............##### .).#####....#
....#+##'##### Q.## ##...#
....#.......# '## #...#
....#.......# .. #...#
....#.......# .. #...#
....#.......# #...# ....#.......+
#....


You could see a tengu reaver.

Vanquished Creatures
  Nikola (Swamp:3)
  Gastronok (D:11)
  Agnes (Snake:3)
  4 thorn hunters
  Kirke (D:14)
  Roxanne (Snake:2)
  Donald (Swamp:3)
  An azure jelly (Orc:2)
  3 vault wardens
  4 ironheart preservers
  2 stone giants
  Nessos (D:14)
  A deep elf death mage (Vaults:1)
  Josephine (D:12)
  A deep elf high priest (Elf:2)
  2 yaktaur captains (Vaults:1)
  3 ogre magi
  A fire dragon (Lair:6)
  2 naga warriors
  A rakshasa (Vaults:2)
  3 vault guards
  3 great orbs of eyes
  A shambling mangrove (Swamp:3)
  A ghost crab (Swamp:4)
  2 catoblepae (Lair:4)
  Erica (D:10)
  28 hydras
  An ice dragon (Vaults:2)
  14 centaur warriors
  2 death knights
  3 anacondas
  6 dancing weapons
  15 two-headed ogres
  7 alligators
  A deep troll earth mage (Vaults:1)
  9 death yaks
  8 naga sharpshooters
  7 orc high priests
  A deep troll shaman (Vaults:1)
  14 deep elf knights
  A shock serpent (Snake:3)
  5 skeletal warriors
  11 swamp dragons
  2 shadow wraiths
  7 deep trolls
  3 unseen horrors
  A naga ritualist (Snake:2)
  3 wizards
  2 spriggan druids (Swamp:4)
  11 deep elf archers
  A lindwurm (Lair:2)
  4 harpies (Vaults:1)
  2 tengu zombies (D:15)
  Pikel (D:9)
  8 ironbrand convokers
  A phantasmal warrior (D:15)
  17 orc knights
  A mana viper (Snake:1)
  A necromancer (D:15)
  25 ugly things
  46 deep elf magi
  8 cyclopes
  3 wolf spiders (Vaults:2)
  4 salamanders
  An orc sorcerer (Vaults:2)
  4 manticores
  15 naga magi
  22 black mambas
  A guardian serpent (Snake:2)
  An eye of devastation (Lair:5)
  7 vault sentinels
  3 elephants (Lair:5)
  2 gargoyles
  4 orange demons (D:10)
  15 spiny frogs
  3 rime drakes (Lair:6)
  12 komodo dragons
  A komodo dragon (shapeshifter) (Vaults:1)
  2 freezing wraiths
  18 yaktaurs
  A tengu conjurer (D:14)
  A guardian mummy (D:15)
  2 red devils (D:10)
  2 spriggan skeletons (D:15)
  3 trolls
  12 tyrant leeches
  A wind drake (shapeshifter) (Vaults:1)
  9 hornets
  10 polar bears
  3 raiju (Lair:6)
  12 bog bodies
  12 blink frogs
  A dream sheep (Lair:6)
  A snapping turtle (shapeshifter) (Vaults:1)
  15 hippogriffs
  22 slime creatures
  A frost giant simulacrum (Vaults:1)
  A shadow (Swamp:2)
  4 water elementals (Elf:1)
  An air elemental (Elf:2)
  8 spriggans
  53 yaks
  6 wraiths
  4 wyverns
  2 hungry ghosts
  6 steam dragons
  10 basilisks
  6 hogs (D:14)
  4 neqoxecs (Orc:1)
  24 vampire mosquitoes
  3 insubstantial wisps (Swamp:3)
  18 swamp worms
  26 nagas
  4 acid dragons
  8 water moccasins
  8 wargs
  14 hell hounds (Lair:6)
  5 porcupines
  14 swamp drakes
  7 sky beasts
  14 black bears
  18 ice beasts
  37 orc warriors
  2 phantoms (D:12)
  3 eyes of draining
  24 wolves
  17 ogres
  27 centaurs
  16 crocodiles
  A big kobold (D:9)
  17 bullfrogs
  An earth elemental (Elf:2)
  A wyvern zombie (D:13)
  3 scorpions
  2 troll zombies
  20 killer bees
  2 electric eels (Lair:2)
  3 howler monkeys
  9 crimson imps
  A bullfrog zombie (D:5)
  4 centaur zombies
  A jelly (shapeshifter) (Vaults:2)
  10 jellies
  The ghost of Toogi the Scratcher, a weakling FeTm (D:3)
  8 hounds
  3 quasits
  10 centaur skeletons
  32 orc priests
  4 bullfrog skeletons
  7 iguanas
  20 orc wizards
  10 worker ants
  Natasha (thrice) (D:3)
  7 ogre zombies
  7 mummies (Ossuary)
  3 worker ant zombies
  16 adders
  11 gnolls
  A howler monkey skeleton (D:5)
  3 shadow imps
  13 oozes
  2 adder zombies (Ossuary)
  2 adder skeletons
  5 worms
  6 leopard geckos
  110 orcs
  3 giant cockroaches
  A gnoll zombie (Ossuary)
  14 hobgoblins
  10 jackals
  22 kobolds
  3 quokkas
  5 ball pythons
  5 bats
  4 frilled lizards
  13 goblins
  A goblin skeleton (D:12)
  7 goblin zombies
  A hobgoblin skeleton (D:12)
  8 hobgoblin zombies
  A jackal zombie (D:5)
  5 kobold zombies (Ossuary)
  An orc skeleton (D:12)
  10 orc zombies (D:12)
  4 quokka zombies (Ossuary)
  7 rats
  5 rat zombies
  A fungus (Lair:6)
  A withered plant (D:15)
1432 creatures vanquished.

Vanquished Creatures (collateral kills)
  Saint Roka (Orc:2)
  Aizul (Snake:1)
  A vault guard (Vaults:2)
  3 yaktaurs (Vaults:2)
  A slime creature (Swamp:3)
  A wraith (D:12)
  A swamp drake (Swamp:3)
9 creatures vanquished.

Vanquished Creatures (others)
  An alligator (Swamp:1)
  A black mamba (Snake:3)
  2 spriggans (Swamp:4)
  4 slaves (D:9)
  An orc wizard (D:9)
  A bullfrog skeleton (D:9)
  2 orcs (D:9)
  A quokka (D:9)
  21 fungi
  27 plants
  7 toadstools (D:2)
  A withered plant (D:15)
69 creatures vanquished.

Grand Total: 1510 creatures vanquished

Notes
Turn   | Place    | Note
-------+----------+-------------------------------------------
     0 | D:1      | GreaterElenko the Felid Earth Elementalist began the quest
                  | for the Orb.
     0 | D:1      | Reached XP level 1. HP: 7/7 MP: 4/4
   516 | D:1      | Reached XP level 2. HP: 12/12 MP: 1/6
   707 | D:1      | Reached skill level 3 in Earth Magic
  1140 | D:2      | Reached XP level 3. HP: 5/15 MP: 2/7
  1145 | D:2      | Learned a level 3 spell: Stone Arrow
  1390 | D:2      | Reached skill level 1 in Fighting
  1635 | D:2      | Reached XP level 4. HP: 19/19 MP: 5/8
  1890 | D:2      | Reached skill level 1 in Conjurations
  2080 | D:2      | Reached XP level 5. HP: 22/22 MP: 3/9
  2598 | D:2      | Learned a level 5 spell: Lee's Rapid Deconstruction
  2729 | D:3      | Found a runed translucent gate.
  2794 | D:3      | Noticed Toogi's ghost (weakling FeTm)
  2796 | D:3      | Found a runed translucent gate.
  2796 | D:3      | Found a runed translucent gate.
  2797 | D:3      | Identified the cursed +1 chain mail of Ahoeru {rC+ Str+8}
  2799 | D:3      | Found a roughly hewn altar of Beogh.
  3130 | D:3      | Gained mutation: You are covered in thick fur. (AC +2)
                  | [Felid growth]
  3130 | D:3      | Reached XP level 6. HP: 26/26 MP: 4/11
  3136 | D:3      | Reached skill level 4 in Earth Magic
  3339 | D:3      | Noticed Natasha
  3366 | D:3      | Killed Natasha
  3526 | D:3      | Noticed Natasha
  3530 | D:3      | Killed Natasha
  3677 | D:3      | Killed Toogi's ghost
  3746 | D:3      | Noticed Natasha
  3750 | D:3      | Killed Natasha
  4332 | D:4      | Found a hazy altar of Hepliaklqana.
  4351 | D:4      | Reached XP level 7. HP: 28/30 MP: 0/12
  4942 | D:4      | Found an iron altar of Okawaru.
  5284 | D:4      | Found a staircase to the Ecumenical Temple.
  5290 | Temple   | Entered the Ecumenical Temple
  5393 | Temple   | Became a worshipper of Vehumet
  5452 | D:5      | Entered Level 5 of the Dungeon
  5621 | D:5      | Reached skill level 5 in Stealth
  5738 | D:5      | Reached skill level 5 in Earth Magic
  6152 | D:5      | Reached XP level 8. HP: 34/34 MP: 7/14
  6206 | D:5      | Reached skill level 5 in Dodging
  6495 | D:5      | Found a sparkling altar of Nemelex Xobeh.
  6877 | D:6      | Reached * piety under Vehumet
  6877 | D:6      | Offered knowledge of Sting by Vehumet.
  7396 | D:6      | Reached skill level 6 in Earth Magic
  7713 | D:7      | Found a shimmering altar of Xom.
  7740 | D:7      | Reached skill level 5 in Conjurations
  7746 | D:7      | Reached XP level 9. HP: 39/39 MP: 1/16
  9618 | D:8      | Found a sand-covered staircase.
  9624 | Ossuary  | Entered an ossuary
  9653 | Ossuary  | Offered knowledge of Flame Tongue by Vehumet.
  9778 | Ossuary  | Reached ** piety under Vehumet
 10324 | Ossuary  | Offered knowledge of Inner Flame by Vehumet.
 10416 | Ossuary  | Reached skill level 7 in Earth Magic
 10548 | D:8      | Noticed a two-headed ogre
 10608 | D:8      | Killed a two-headed ogre
 10608 | D:8      | Reached skill level 5 in Spellcasting
 10608 | D:8      | Reached XP level 10. HP: 43/43 MP: 1/18
 10642 | D:8      | Found a staircase to the Lair.
 10771 | D:8      | Reached *** piety under Vehumet
 10771 | D:8      | Reached skill level 5 in Fighting
 11803 | D:8      | Offered knowledge of Olgreb's Toxic Radiance by Vehumet.
 11855 | D:8      | Learned a level 4 spell: Olgreb's Toxic Radiance
 12047 | D:9      | Reached skill level 8 in Earth Magic
 12271 | D:9      | Noticed Pikel
 12290 | D:9      | Killed Pikel
 12290 | D:9      | Reached skill level 1 in Poison Magic
 12689 | D:9      | Reached **** piety under Vehumet
 13112 | D:9      | Noticed a two-headed ogre
 13254 | D:9      | Killed a two-headed ogre
 13254 | D:9      | Reached XP level 11. HP: 48/48 MP: 7/20
 13342 | D:9      | Offered knowledge of Throw Icicle by Vehumet.
 13477 | D:9      | Learned a level 4 spell: Throw Icicle
 13785 | Lair:1   | Entered Level 1 of the Lair of Beasts
 14679 | D:10     | Entered Level 10 of the Dungeon
 14700 | D:10     | Noticed Erica
 15046 | D:10     | Killed Erica
 15931 | Lair:1   | Reached skill level 9 in Earth Magic
 17304 | Lair:2   | Noticed a lindwurm
 17306 | Lair:2   | Found a dark tunnel.
 17310 | Lair:2   | Killed a lindwurm
 17750 | Lair:2   | Found a staircase to the Snake Pit.
 18151 | Lair:2   | Gained mutation: Your thick and shaggy fur keeps you warm.
                  | (AC +3, rC+) [Felid growth]
 18151 | Lair:2   | Reached XP level 12. HP: 53/53 MP: 20/23
 18557 | Lair:2   | Found a staircase to the Swamp.
 19106 | Lair:3   | Noticed a seven-headed hydra
 19502 | Lair:3   | Noticed a five-headed hydra
 19753 | Lair:3   | Killed a seven-headed hydra
 19953 | Lair:3   | Reached ***** piety under Vehumet
 20007 | Lair:3   | Reached skill level 10 in Earth Magic
 20112 | Lair:3   | Killed a five-headed hydra
 20112 | Lair:3   | Offered knowledge of Bolt of Magma by Vehumet.
 20112 | Lair:3   | Reached skill level 10 in Dodging
 20112 | Lair:3   | Reached skill level 1 in Evocations
 20119 | Lair:3   | Learned a level 5 spell: Bolt of Magma
 20323 | Lair:3   | Reached skill level 1 in Fire Magic
 20995 | Lair:4   | Noticed a catoblepas
 20995 | Lair:4   | Noticed a catoblepas
 21139 | Lair:4   | Noticed an eight-headed hydra
 21149 | Lair:4   | Killed an eight-headed hydra
 21444 | Lair:4   | Killed a catoblepas
 21958 | Lair:4   | Killed a catoblepas
 22238 | Lair:5   | Noticed Snorg
 22263 | Lair:5   | Learned a level 4 spell: Petrify
 22785 | D:10     | Reached XP level 13. HP: 58/58 MP: 1/25
 23822 | D:10     | Found a snail-covered altar of Cheibriados.
 23931 | D:10     | Reached skill level 10 in Conjurations
 24496 | D:11     | Found a flagged portal.
 24500 | D:11     | Offered knowledge of Force Lance by Vehumet.
 24502 | Bailey   | Entered a bailey
 24608 | Bailey   | Reached skill level 5 in Evocations
 25093 | D:11     | Noticed Gastronok
 25749 | Lair:5   | Noticed Snorg
 25749 | Lair:5   | Snorg changed into Snorg the yak
 25753 | Lair:5   | Killed Snorg the yak
 26115 | Lair:5   | Reached skill level 5 in Fire Magic
 26307 | Lair:5   | Found a staircase to the Slime Pits.
 26596 | Lair:5   | Reached skill level 11 in Earth Magic
 27180 | Lair:6   | Entered Level 6 of the Lair of Beasts
 27763 | Lair:6   | Reached XP level 14. HP: 64/64 MP: 2/27
 30232 | Lair:6   | Reached skill level 12 in Earth Magic
 30661 | Lair:6   | Offered knowledge of Spellforged Servitor by Vehumet.
 31573 | D:10     | Reached skill level 10 in Fighting
 31870 | D:11     | Found Erosy's Armour Shoppe.
 31947 | D:11     | Killed Gastronok
 32558 | D:12     | Found a staircase to the Orcish Mines.
 32972 | D:12     | You fall through a shaft for 3 floors!
 32972 | D:15     | Entered Level 15 of the Dungeon
 33245 | D:13     | Noticed an ironheart preserver
 33542 | D:13     | Found a gate to the Vaults.
 33561 | D:13     | Killed an ironheart preserver
 33985 | D:12     | Noticed Josephine
 34015 | D:12     | Killed Josephine
 34174 | D:12     | Found a runed translucent gate.
 34174 | D:12     | Found a runed translucent gate.
 34185 | D:12     | Found a runed translucent gate.
 34188 | D:12     | Noticed strelocc's ghost (journeyman DEEE)
 34190 | D:12     | Found an iron altar of Okawaru.
 34850 | D:13     | Reached XP level 15. HP: 70/70 MP: 26/29
 35098 | D:13     | Reached skill level 13 in Earth Magic
 35281 | D:13     | Reached skill level 10 in Spellcasting
 35425 | D:13     | Identified a scroll of acquirement
 35931 | Orc:1    | Entered Level 1 of the Orcish Mines
 36220 | Orc:1    | Noticed HuneSparrow's ghost (journeyman MiFi)
 36221 | Orc:1    | Found a transporter.
 36274 | Orc:1    | Reached ****** piety under Vehumet
 36274 | Orc:1    | Offered knowledge of Bolt of Fire by Vehumet.
 36284 | D:12     | Learned a level 6 spell: Bolt of Fire
 36749 | Orc:1    | Found a transporter.
 36797 | Orc:1    | Found Afes's Weapon Boutique.
 36954 | Orc:2    | Entered Level 2 of the Orcish Mines
 36982 | Orc:2    | Found a staircase to the Elven Halls.
 36993 | Orc:2    | Noticed Rupert
 36997 | Orc:2    | Noticed Rupert
 36997 | Orc:2    | Rupert changed into Rupert the azure jelly
 37007 | Orc:2    | Killed Rupert the azure jelly
 37107 | Orc:2    | Found a frozen archway.
 37287 | IceCv    | Entered an ice cave
 37874 | Orc:2    | Noticed Saint Roka
 37904 | Orc:2    | Killed Saint Roka
 38112 | Orc:2    | Offered knowledge of Conjure Ball Lightning by Vehumet.
 38914 | Orc:1    | Gained mutation: Your magical capacity is low. (-10% MP) [a
                  | neqoxec]
 40841 | Orc:2    | Found Eric's Magic Scroll Emporium.
 40844 | Orc:2    | Found Taogaqov's Assorted Antiques.
 40845 | Orc:2    | Found Jahell's Gadget Emporium.
 40846 | Orc:2    | Found Zunus's Assorted Antiques.
 40849 | Orc:2    | Bought a lamp of fire for 640 gold pieces
 40850 | Orc:2    | Bought a potion of curing for 81 gold pieces
 40850 | Orc:2    | Bought a scroll of fog for 54 gold pieces
 40850 | Orc:2    | Bought a scroll labeled KODASU CAMUAG for 27 gold pieces
 40850 | Orc:2    | Bought a scroll of identify for 54 gold pieces
 40850 | Orc:2    | Bought a scroll of teleportation for 81 gold pieces
 40854 | Orc:2    | Bought a potion of magic for 152 gold pieces
 40854 | Orc:2    | Bought a wand of paralysis (7) for 38 gold pieces
 40854 | Orc:2    | Bought a red potion for 17 gold pieces
 40855 | Orc:2    | Bought a scroll of silence for 97 gold pieces
 40855 | Orc:2    | Bought a scroll of magic mapping for 45 gold pieces
 40855 | Orc:2    | Bought a scroll of summoning for 123 gold pieces
 40857 | Orc:2    | Got a coiled turquoise ring
 40860 | Orc:2    | Bought a scroll of identify for 38 gold pieces
 40860 | Orc:2    | Identified the ring of Attitude {+Blink EV+5} (You acquired
                  | it on level 2 of the Orcish Mines)
 41593 | D:14     | Offered knowledge of Iron Shot by Vehumet.
 41599 | D:14     | Noticed Nessos
 41611 | D:14     | Killed Nessos
 41639 | D:14     | Noticed Kirke
 41785 | D:14     | Killed Kirke
 42373 | D:15     | Reached skill level 14 in Earth Magic
 42652 | D:15     | Found a staircase to the Depths.
 43756 | D:15     | Reached XP level 16. HP: 57/75 MP: 6/28
 44140 | D:15     | Found a portal to a secret trove of treasure.
 45208 | Snake:1  | Entered Level 1 of the Snake Pit
 46332 | Snake:1  | Noticed Aizul
 46343 | Snake:1  | Killed from afar by Aizul
 46344 | Snake:1  | Reached XP level 15. HP: -8/72 MP: 0/28
 46348 | Snake:1  | Killed Aizul
 46683 | Snake:2  | Identified Roxanne's Papyrus of Transmigration
 46683 | Snake:2  | Noticed Roxanne
 47820 | Snake:2  | Offered knowledge of Bolt of Cold by Vehumet.
 49358 | Snake:2  | Reached skill level 15 in Earth Magic
 49887 | Snake:2  | Killed Roxanne
 49906 | Snake:3  | Found Fialom's Armour Shop.
 50015 | Snake:3  | Noticed Agnes
 50022 | Snake:3  | Killed Agnes
 50590 | Snake:3  | Found Egoriump's General Store.
 50590 | Snake:3  | Noticed Vashnia
 50807 | Snake:3  | Identified Loofogg's Grimoire of Noxious Shape Shifting
 50846 | Snake:3  | Found Mofol Yptudgh's Magic Scroll Shop.
 51194 | Snake:2  | Lost mutation: Your magical capacity is low. (-10% MP)
                  | [potion of mutation]
 51194 | Snake:2  | Gained mutation: Your system is resistant to poisons.
                  | (rPois) [potion of mutation]
 51194 | Snake:2  | Gained mutation: Your mind is acute. (Int +2) [potion of
                  | mutation]
 51779 | Swamp:1  | Entered Level 1 of the Swamp
 51801 | Lair:2   | Reached XP level 16. HP: 26/76 MP: 10/32
 52519 | Swamp:1  | Offered knowledge of Lehudib's Crystal Spear by Vehumet.
 52519 | Swamp:1  | Offered knowledge of Fire Storm by Vehumet.
 52519 | Swamp:1  | Offered knowledge of Glaciate by Vehumet.
 52786 | Swamp:1  | Got a brightly glowing marble ring
 52787 | Swamp:1  | Identified the ring of Egalitarianism {rCorr Dex+6} (You
                  | acquired it on level 1 of the Swamp)
 54393 | Swamp:2  | Noticed a thorn hunter
 54903 | Swamp:2  | Killed a thorn hunter
 55600 | Swamp:2  | Reached skill level 10 in Stealth
 56034 | Swamp:3  | Noticed a thorn hunter
 56042 | Swamp:2  | Killed a thorn hunter
 57317 | Swamp:3  | Reached skill level 16 in Earth Magic
 57345 | Swamp:3  | Noticed Donald
 57712 | Swamp:3  | Noticed Nikola
 57780 | Swamp:3  | Killed Donald
 58119 | Swamp:3  | Found the +12 glaive of Prune {chop}
 58445 | Swamp:3  | Killed Nikola
 58640 | Swamp:4  | Entered Level 4 of the Swamp
 60654 | Swamp:4  | Noticed a thorn hunter
 60751 | Swamp:4  | Noticed a thorn hunter
 60757 | Swamp:4  | Killed a thorn hunter
 60935 | Swamp:4  | Reached XP level 17. HP: 81/81 MP: 21/34
 61257 | Swamp:4  | Got a decaying rune of Zot
 62601 | Elf:1    | Entered Level 1 of the Elven Halls
 63522 | Elf:1    | Reached skill level 17 in Earth Magic
 64459 | Elf:1    | Found a radiant altar of Vehumet.
 65026 | Elf:2    | Found a huge runed gate.
 65026 | Elf:2    | Found a huge runed gate.
 65026 | Elf:2    | Found a huge runed gate.
 65026 | Elf:2    | Found a huge runed gate.
 65026 | Elf:2    | Found a huge runed gate.
 65026 | Elf:2    | Found a huge runed gate.
 65026 | Elf:2    | Found a huge runed gate.
 65026 | Elf:2    | Found a huge runed gate.
 65153 | Elf:2    | Found a huge runed gate.
 65153 | Elf:2    | Found a huge runed gate.
 65153 | Elf:2    | Found a huge runed gate.
 65153 | Elf:2    | Found a huge runed gate.
 65164 | Elf:2    | Found a huge runed gate.
 65164 | Elf:2    | Found a huge runed gate.
 65164 | Elf:2    | Found a huge runed gate.
 65176 | Elf:2    | Found a huge runed gate.
 65567 | Elf:2    | Found Cewebyso's Gadget Boutique.
 65878 | Elf:2    | Found a runed translucent gate.
 65878 | Elf:2    | Found a runed translucent gate.
 65878 | Elf:2    | Found a runed translucent gate.
 66059 | Elf:2    | Found a huge runed gate.
 66067 | Elf:2    | Found a huge runed gate.
 66067 | Elf:2    | Found a huge runed gate.
 66067 | Elf:2    | Found a huge runed gate.
 66067 | Elf:2    | Found a huge runed gate.
 66067 | Elf:2    | Found a huge runed gate.
 66067 | Elf:2    | Found a huge runed gate.
 66067 | Elf:2    | Found a huge runed gate.
 66068 | Elf:2    | Found a huge runed gate.
 66069 | Elf:2    | Found a huge runed gate.
 66077 | Elf:2    | Found a huge runed gate.
 66077 | Elf:2    | Found a huge runed gate.
 66077 | Elf:2    | Found a huge runed gate.
 66146 | Elf:2    | Noticed a deep elf master archer
 66146 | Elf:2    | Noticed a deep elf blademaster
 66146 | Elf:2    | Noticed a deep elf blademaster
 66147 | Elf:2    | Noticed a deep elf blademaster
 66150 | Elf:2    | Noticed a Brimstone Fiend
 66440 | Vaults:1 | Entered Level 1 of the Vaults
 67725 | Swamp:3  | Learned a level 8 spell: Lehudib's Crystal Spear
 67735 | Swamp:3  | Learned a level 9 spell: Shatter
 68597 | Vaults:1 | Reached XP level 18. HP: 72/86 MP: 8/36
 69233 | Vaults:1 | Hit by a large rock thrown by a cyclops
 69234 | Vaults:1 | Reached XP level 17. HP: -7/82 MP: 24/35
 69304 | Vaults:1 | Slain by a deep troll earth mage
 69305 | Vaults:1 | Reached XP level 16. HP: -1/78 MP: 5/34
 71046 | Vaults:1 | You fall through a shaft!
 71292 | Vaults:1 | Reached skill level 18 in Earth Magic
 75620 | Vaults:2 | Reached XP level 17. HP: 83/83 MP: 28/36
 76270 | Vaults:3 | You fall through a shaft!
 76494 | Vaults:3 | Found Yqaxig's Assorted Antiques.
 76502 | Vaults:3 | Bought a scroll of blinking for 165 gold pieces
 76502 | Vaults:3 | Bought a dented platinum amulet for 110 gold pieces
 76506 | Vaults:3 | Got a coiled golden ring
 76507 | Vaults:3 | Identified the ring of Cheibriados's Envy {rC++ MR+} (You
                  | acquired it on level 3 of the Vaults)
 76511 | Vaults:3 | Found Beal's Antique Armour Emporium.
 76576 | Vaults:3 | Learned a level 6 spell: Iron Shot
 76612 | Vaults:3 | Found Devo's Weapon Shop.
 77500 | Vaults:3 | Killed from afar by a tengu reaver

Skill      XL: |  1  2  3  4  5  6  7  8  9 10 11 12 13 14 15 16 17 |
---------------+----------------------------------------------------+-----
Stealth        | 3 4 5 6 7 8 11 | 11.7
Earth Magic    | 3 4 5 6 7 8 9 10 11 12 15 18 17 | 18.8
Dodging        | 3 4 5 7 8 9 10 11 13 14 | 14.1
Fighting       | 1 2 3 4 5 6 7 9 10 12 14 13 | 14.4
Conjurations   | 1 2 3 5 6 7 9 10 11 | 11.2
Spellcasting   | 3 4 5 6 7 8 9 10 14 13 | 14.1
Poison Magic   | 2 4 |  4.0
Evocations     | 3 6 |  6.0
Fire Magic     | 3 5 7 |  7.5
Transmutations | |  1.1

Action                   |  1- 3 |  4- 6 |  7- 9 | 10-12 | 13-15 | 16-18 || total
-------------------------+-------+-------+-------+-------+-------+-------++-------
Melee: Unarmed           |    67 |    71 |    88 |    51 |   227 |    56 ||   560
       Bite              |     5 |     9 |     3 |     5 |    17 |     4 ||    43
 Cast: Sandblast         |    37 |   111 |    69 |    46 |   202 |   188 ||   653
       Stone Arrow       |       |    15 |   138 |   349 |   866 |   623 ||  1991
       Lee's Rapid Decon |       |       |     3 |    29 |   196 |   324 ||   552
       Olgreb's Toxic Ra |       |       |       |    19 |    82 |       ||   101
       Throw Icicle      |       |       |       |     1 |       |       ||     1
       Bolt of Magma     |       |       |       |       |    19 |       ||    19
       Bolt of Fire      |       |       |       |       |    28 |   203 ||   231
       Lehudib's Crystal |       |       |       |       |       |     3 ||     3
       Iron Shot         |       |       |       |       |       |     8 ||     8
Evoke: Wand              |       |       |       |     4 |    23 |    13 ||    40
       Phial of floods   |       |       |       |       |     2 |     1 ||     3
  Use: Scroll            |       |     4 |    16 |     7 |    16 |    27 ||    70
       Potion            |       |     2 |     1 |     2 |     4 |    12 ||    21
 Stab: Sleeping          |     1 |     4 |    15 |       |     8 |     2 ||    30
       Petrified         |       |       |       |     9 |       |       ||     9
       Distracted        |       |       |       |       |     1 |       ||     1
       Paralysed         |       |       |       |       |     5 |     9 ||    14
  Eat: Chunk             |     9 |     7 |    18 |    46 |    86 |   138 ||   304
       Ration            |       |       |       |       |     4 |     7 ||    11
Armor: Skin              |     4 |     7 |     6 |    11 |    41 |     9 ||    78
Dodge: Dodged            |    56 |    88 |   143 |   182 |   728 |   738 ||  1935
